 Dungeon Crawl Stone Soup version 0.23.0 (webtiles) character file.

Game seed: 8215889029799190588

1779 fartymcfart the Conjurer (level 8, -2/56 HPs)
             Began as a Demonspawn Wanderer on Feb 15, 2019.
             Was an Initiate of Vehumet.
             Slain by a killer bee (3 damage)
             ... on level 7 of the Dungeon.
             The game lasted 00:11:44 (7500 turns).

fartymcfart the Conjurer (Demonspawn Wanderer)      Turns: 7500, Time: 00:11:45

Health: -2/56      AC:  8    Str: 15    XL:     8   Next: 81%
Magic:  4/25       EV: 11    Int: 16    God:    Vehumet [......]
Gold:   148        SH:  0    Dex: 10    Spells: 9/18 levels left

rFire    . . .     SeeInvis .   t - +4 shortbow of Valifam {freeze, rElec rC+ MR++}
rCold    + . .     Gourm    .   (shield currently unavailable)
rNeg     . . .     Faith    .   e - +0 robe
rPois    .         Spirit   .   i - +2 hat
rElec    +         Reflect  .   (no cloak)
rCorr    +         Harm     .   m - +0 pair of gloves
MR       ++...                  (no boots)
Stlth    +.........             (no amulet)
HPRegen  0.18/turn              o - ring of magical power
MPRegen  0.19/turn              s - ring of resist corrosion

@: lethally poisoned (-2 -> -2)
A: hooves 2, molten scales 2
a: Renounce Religion


You were on level 7 of the Dungeon.
You worshipped Vehumet.
Vehumet was noncommittal.
You were not hungry.

You visited 2 branches of the dungeon, and saw 8 of its levels.

You collected 400 gold pieces.
You spent 252 gold pieces at shops.

Inventory:

Hand Weapons
 c - a +0 hand crossbow
 t - the +4 shortbow of Valifam (weapon) {freeze, rElec rC+ MR++}
   (You found it on level 5 of the Dungeon)

   It causes projectiles fired from it to freeze those they strike, causing
   extra injury to most foes and up to half again as much damage against
   particularly susceptible opponents.
   They can also slow down cold-blooded creatures.
   It protects you from cold.
   It insulates you from electricity.
   It affects your resistance to hostile enchantments.
Missiles
 b - 38 arrows (quivered)
 d - 19 bolts
 q - a throwing net
Armour
 e - a +0 robe (worn)
 i - a +2 hat (worn)
 m - a +0 pair of gloves (worn)
Jewellery
 o - a ring of magical power (left hand)
 s - a ring of resist corrosion (right hand)
Wands
 u - a wand of digging (2)
Scrolls
 g - a scroll of immolation {unknown}
 k - 4 scrolls of remove curse
 n - a scroll of magic mapping {unknown}
 p - 5 scrolls of enchant armour
 v - a scroll of teleportation
Potions
 a - 8 potions of haste
 h - 3 potions of curing
 j - 2 potions of mutation
 l - a potion of berserk rage {unknown}
 r - a potion of flight
 w - a potion of ambrosia
 x - a potion of brilliance {unknown}
Comestibles
 f - 14 rations


   Skills:
 - Level 2.0 Fighting
 - Level 1.0 Crossbows
 - Level 1.0 Stealth
   Level 1.0 Shields
 + Level 5.6 Spellcasting
 * Level 5.8 Conjurations
 * Level 4.3 Translocations
   Level 1.0 Ice Magic
 * Level 4.3 Air Magic
 * Level 4.8 Poison Magic


You had 9 spell levels left.
You knew the following spells:

 Your Spells              Type           Power        Failure   Level  Hunger
a - Magic Dart            Conj           ###.         1%          1    None
b - Mephitic Cloud        Conj/Pois/Air  ###.....     5%          3    ###....
c - Blink                 Tloc           N/A          3%          2    #......
d - Conjure Flame         Conj/Fire      ##......     13%         3    ###....

Your spell library contained the following spells:

 Spells                   Type           Power        Failure   Level  Hunger
 Apportation              Tloc           ###...       2%          1    None
 Gell's Gravitas          Tloc           ###.......   8%          3    ###....
 Call Imp                 Summ           #.......     22%         2    #......
 Slow                     Hex            #.......     22%         2    #......


Dungeon Overview and Level Annotations

Branches:
Dungeon (7/15)             Temple (1/1) D:6

Altars:
Ashenzari
Cheibriados
Dithmenos
Elyvilon
Fedhas
Gozag
Hepliaklqana
Kikubaaqudgha
Makhleb
Nemelex Xobeh
Qazlal
Ru
Sif Muna
Trog
Uskayaw
Vehumet
Wu Jian
Xom
Yredelemnul
Zin
The Shining One

Shops:
D:6 *!


Innate Abilities, Weirdness & Mutations

You have hoof-like feet.
You are mostly covered in molten scales. (AC +3)


Message History

You start resting.
* * * LOW HITPOINT WARNING * * *
You feel sick.
You start resting.
* * * LOW HITPOINT WARNING * * *
You feel sick.
A killer bee is nearby!
A killer bee is nearby!
A killer bee is nearby!
Casting: Magic Dart (safe; 1% risk of failure)
Confirm with . or Enter, or press ? or * to list all spells.
Aiming: Mephitic Cloud (safe; 5% risk of failure)
Press: ? - help, Shift-Dir - straight line, f/p - killer bee
Aim: a killer bee (moderately wounded)
The ball explodes into a vile cloud!
The stinking cloud engulfs the killer bee but does no damage.
The killer bee is moderately wounded.
The killer bee is engulfed in noxious fumes.
The killer bee appears confused.
The killer bee stings you.
You die...

#....# #....#
#.##.# #....#
#.##.#####....##.
#......†..........
####.##########...
#.# ... #)# ..
####.###### .
#@y§○.......
####.####### #.#
#.# #.# #.# ... .#


You could see a killer bee (confused).

Vanquished Creatures
  Sigmund (D:2)
  An ogre (D:3)
  2 centaurs
  3 bullfrogs
  2 wyvern zombies (D:6)
  3 scorpions
  4 killer bees (D:7)
  A howler monkey (D:6)
  A jelly (D:7)
  A crimson imp (D:7)
  A quasit (D:6)
  2 orc priests (D:6)
  A bullfrog skeleton (D:5)
  An orc wizard (D:6)
  An iguana (D:4)
  Jessica (D:2)
  6 worker ants
  A killer bee zombie (D:6)
  A worker ant zombie (D:6)
  A howler monkey skeleton (D:6)
  11 gnolls
  5 adders
  3 shadow imps
  3 oozes
  2 adder skeletons
  3 worms
  A leopard gecko (D:6)
  22 orcs
  3 giant cockroaches
  6 goblins
  3 hobgoblins (D:1)
  9 jackals
  2 quokkas
  A ball python (D:2)
  3 bats
  5 frilled lizards
  6 rats
123 creatures vanquished.

Vanquished Creatures (others)
  3 toadstools (D:4)
3 creatures vanquished.

Grand Total: 126 creatures vanquished

Notes
Turn   | Place    | Note
-------+----------+-------------------------------------------
     0 | D:1      | fartymcfart the Demonspawn Wanderer began the quest for the
                  | Orb.
     0 | D:1      | fartymcfart set off with the following items: a +0 hand
                  | crossbow, 23 bolts, a +0 robe, a ration; and the following
                  | spells available to memorise: Apportation, Magic Dart,
                  | Blink, Call Imp, Slow, Conjure Flame, Gell's Gravitas,
                  | Mephitic Cloud
     0 | D:1      | Reached XP level 1. HP: 16/16 MP: 5/5
     2 | D:1      | Learned a level 1 spell: Magic Dart
    34 | D:1      | Reached skill level 1 in Conjurations
    34 | D:1      | Gained mutation: You have large cloven feet. [demonic
                  | ancestry]
    34 | D:1      | Reached XP level 2. HP: 22/22 MP: 7/7
   723 | D:2      | Reached XP level 3. HP: 21/27 MP: 8/8
   795 | D:2      | Noticed Jessica
   798 | D:2      | Killed Jessica
   833 | D:2      | Gained mutation: You are partially covered in molten
                  | scales. (AC +2) [demonic ancestry]
   833 | D:2      | Reached XP level 4. HP: 33/33 MP: 10/10
  1007 | D:2      | Noticed Sigmund
  1051 | D:1      | Learned a level 3 spell: Mephitic Cloud
  1054 | D:1      | Learned a level 2 spell: Blink
  1128 | D:2      | Killed Sigmund
  1128 | D:2      | Reached skill level 1 in Translocations
  1128 | D:2      | Reached skill level 1 in Air Magic
  1128 | D:2      | Reached skill level 1 in Poison Magic
  1128 | D:2      | Gained mutation: You are mostly covered in molten scales.
                  | (AC +3) [demonic ancestry]
  1128 | D:2      | Reached XP level 5. HP: 38/38 MP: 2/11
  1986 | D:3      | Reached XP level 6. HP: 42/44 MP: 13/13
  3242 | D:4      | Gained mutation: You have hoof-like feet. [demonic
                  | ancestry]
  3242 | D:4      | Reached XP level 7. HP: 50/50 MP: 14/14
  3300 | D:4      | Found an opulent altar of Gozag.
  3453 | D:4      | Found a basalt altar of Yredelemnul.
  3608 | D:4      | Found a shadowy altar of Dithmenos.
  3612 | D:4      | Found a shimmering altar of Xom.
  3897 | D:5      | Entered Level 5 of the Dungeon
  4142 | D:5      | Got an ichor-stained shortbow
  4143 | D:5      | Identified the +4 shortbow of Valifam {freeze, rElec rC+
                  | MR++} (You found it on level 5 of the Dungeon)
  4193 | D:5      | Found a stormy altar of Qazlal.
  4193 | D:5      | Noticed a water elemental
  4198 | D:5      | Noticed an air elemental
  4198 | D:5      | Noticed a fire elemental
  4430 | D:5      | Reached skill level 5 in Spellcasting
  4472 | D:5      | Learned a level 3 spell: Conjure Flame
  5611 | D:6      | Found a staircase to the Ecumenical Temple.
  5649 | Temple   | Entered the Ecumenical Temple
  5854 | D:6      | Found Umite's Distillery.
  6020 | D:6      | Reached XP level 8. HP: 56/56 MP: 15/15
  6042 | D:6      | Reached skill level 5 in Conjurations
  6107 | D:6      | Bought a potion of curing for 36 gold pieces
  6107 | D:6      | Bought a potion of haste for 120 gold pieces
  6107 | D:6      | Bought a potion of ambrosia for 96 gold pieces
  6671 | D:6      | Found a stormy altar of Qazlal.
  6776 | D:6      | Found a snail-covered altar of Cheibriados.
  6781 | D:6      | Found a hazy altar of Hepliaklqana.
  6914 | D:6      | Found Jiykkile's General Store.
  7011 | D:6      | Found a deep blue altar of Sif Muna.
  7011 | D:6      | Found an ancient bone altar of Kikubaaqudgha.
  7013 | D:6      | Found a radiant altar of Vehumet.
  7016 | D:6      | Identified Vehumet's Catalogue of Combat Magic
  7019 | D:6      | Became a worshipper of Vehumet
  7489 | D:7      | HP: 2/56 [poisoned by a scorpion]
  7495 | D:7      | HP: 2/56 [poisoned by a scorpion]
  7500 | D:7      | Slain by a killer bee

Skill      XL: |  1  2  3  4  5  6  7  8 |
---------------+-------------------------+-----
Conjurations   | 1 2 3 4 5 |  5.8
Translocations | 1 2 3 4 |  4.3
Air Magic      | 1 2 3 4 |  4.3
Poison Magic   | 1 2 3 4 |  4.8
Spellcasting   | 5 |  5.6
Fighting       | |  2.0
Crossbows      | |  1.0
Stealth        | |  1.0
Shields        | |  1.0
Ice Magic      | |  1.0

Action                   |  1- 3 |  4- 6 |  7- 9 || total
-------------------------+-------+-------+-------++-------
Melee: Hand crossbow     |       |     1 |       ||     1
 Fire: Hand crossbow     |    52 |    81 |     1 ||   134
       Shortbow          |       |       |    56 ||    56
Throw: Throwing net      |       |       |     2 ||     2
 Cast: Magic Dart        |       |   105 |   229 ||   334
       Mephitic Cloud    |       |     3 |    10 ||    13
       Blink             |       |     1 |     1 ||     2
       Conjure Flame     |       |       |     7 ||     7
  Use: Scroll            |       |     2 |     6 ||     8
       Potion            |       |     1 |     1 ||     2
  Eat: Chunk             |       |     8 |     7 ||    15
       Ration            |       |       |     2 ||     2
Armor: Robe              |     2 |    33 |    54 ||    89
Dodge: Dodged            |     4 |    58 |    83 ||   145
